Bazza, lawful male human Samurai ------- |.....| |.<...+ -.----- ## # ### # # # r# ..- ########################Y@@).)).| #...`| ...| .- . Bazza the Ninja Experience level: 6 Strength: 15 Dexterity: 17 Constitution: 18 Intelligence: 10 Wisdom: 8 Charisma: 7 Health: 0(62) Energy: 20(20) AC: 2 Gold: 807 Moves: 1230 Your Inventory: Coins $ - 807 gold pieces Amulets q - an [uncursed] triangular amulet [of change] Weapons a - an uncursed +0 katana (alternate weapon; not wielded) b - an uncursed +3 wakizashi c - an uncursed +0 yumi (weapon in hand) d - 31 uncursed +0 ya (in quiver) Armor e - an uncursed rustproof +0 splint mail (being worn) j - an [uncursed] +0 pair of high boots (being worn) Comestibles k - an [uncursed] cream pie o - 3 [uncursed] gunyoki u - 2 [uncursed] eggs Scrolls n - an [uncursed] scroll labeled VENZAR BORGAVVE [of magic mapping] r - an [uncursed] unlabeled scroll [of blank paper] t - an [uncursed] scroll labeled NR 9 [of flood] Potions p - an [uncursed] swirly potion [of sickness] Tools l - an [uncursed +0] pick-axe Spells known in the end: Name Level Category Fail Memory a - restore ability 4 healing 100% [||||||||] Your skills at the end: Fighting Skills martial arts [Basic / Master] Weapon Skills short sword [Basic / Expert] long sword [Basic / Expert] bow [Basic / Expert] Spellcasting Skills Final Attributes: You were devoutly aligned. Hunger level was 68. Your alignment was 16 / 16. Monster difficulty range was 1 - 7. Level difficulty was 8. You resisted poison. You were fast. Your luck was zero. You are dead. Vanquished creatures: 2 vampire bats 2 Woodland-elves a rock piercer a rock mole a yellow light a straw golem a giant ant a little dog a floating eye a dwarf a kobold lord a giant bat a coyote a hobbit 4 cave spiders 2 geckos 2 goblins a kobold zombie a newt 26 creatures vanquished. Voluntary challenges: You were an atheist. You used a wielded weapon 31 times. You read items or engraved 2 times. You put on armor 2 times. You never genocided any monsters. You never polymorphed an object. You never changed form. You used no wishes. You never wrote Elbereth's name. You never encountered a bones level. You never used any Sokoban shortcuts. Dungeon overview: The Dungeons of Doom: levels 1 to 8 Level 1 a fountain, a sink a long staircase Level 2 a delicatessen Level 4 a scroll shop stairs to The Gnomish Mines Level 5 a fountain Level 8 <- You were here The Gnomish Mines: Level 5 stairs to The Dungeons of Doom History has recorded: On T:1 you entered the Dungeons of Doom to retrieve the Amulet of Yendor! On T:186 you reached level 2 of The Dungeons of Doom. On T:307 you reached level 3 of The Dungeons of Doom. On T:344 you reached level 4 of The Dungeons of Doom. On T:353 you advanced to experience level 2. On T:371 you reached level 1 of The Gnomish Mines. On T:460 you reached level 5 of The Dungeons of Doom. On T:545 you advanced to experience level 3. On T:601 you advanced to experience level 4. On T:742 you advanced to experience level 5. On T:956 you reached level 6 of The Dungeons of Doom. On T:1046 you reached level 7 of The Dungeons of Doom. On T:1176 you reached level 8 of The Dungeons of Doom. On T:1209 you advanced to experience level 6. Latest messages: You see here an elven dagger. The Woodland-elf swings her elven broadsword. The Woodland-elf hits! The rock mole misses. The plains centaur picks up an uncursed +0 ya. [HP-14=20] The ya hits the Woodland-elf! The ape hits! The ape misses. The ape bites! The Woodland-elf drinks a potion of extra healing! The Woodland-elf looks much better. [HP-5=15] You shoot 2 ya. The 1st ya hits the Woodland-elf. The 2nd ya hits the Woodland-elf. The ape hits! (2x) The ape bites! The Woodland-elf swings her elven broadsword. The Woodland-elf hits! You die... Final status: Sayonara Bazza the Samurai... You died in The Dungeons of Doom on dungeon level 8 with 2795 points, and 807 pieces of gold, after 1230 moves. You were level 6 with a maximum of 62 hit points when you died.